 Dungeon Crawl Stone Soup version 0.31-a0-595-g4209ae197b (webtiles) character file.

Game seed: 17741213412882348382

487 AdnanSaban the Covered (level 7, -1/44 HPs)
             Began as a Gargoyle Fighter on Aug 20, 2023.
             Slain by an unseen horror (7 damage)
             ... on level 2 of the Abyss.
             The game lasted 00:04:05 (3561 turns).

AdnanSaban the Covered (Gargoyle Fighter)           Turns: 3561, Time: 00:04:06

Health: -1/44      AC: 23    Str: 22    XL:     7   Next: 13%
Magic:  7/7        EV:  5    Int:  8    God:
Gold:   285        SH:  8    Dex:  9    Spells: 6/6 levels left

rFire   . . .        w - +2 whip (venom)
rCold   . . .        s - +0 kite shield
rNeg    + . .        j - +0 plate armour
rPois   ∞            (no helmet)
rElec   +            (no cloak)
rCorr   .            (no gloves)
SInv    .            g - +1 pair of boots
Will    .....        (no amulet) Stlth
                     t - +4 ring of protection
HPRegen 0.27/turn    (no ring)
MPRegen 0.10/turn

%: no passive effects
@: no status effects
A: sickness immunity, AC +4, negative energy resistance 1, electricity
resistance, torment resistance 1, petrification resistance
a: no special abilities


You were on level 2 of the Abyss.
You visited 1 branch of the dungeon, and saw 5 of its levels.
You visited the Abyss 1 time.

You collected 285 gold pieces.

Inventory:

Hand Weapons
 w - a +2 whip of venom (weapon)
Missiles
 a - 7 poisoned darts
 l - 6 boomerangs
Armour
 g - a +1 pair of boots (worn)
 j - a +0 plate armour (worn)
 s - a +0 kite shield (worn)
Jewellery
 t - a +4 ring of protection (left hand)
Scrolls
 e - a scroll of teleportation {unknown}
 f - 2 scrolls of fog {unknown}
 h - 4 scrolls of identify {unknown}
 m - 2 scrolls of enchant weapon {unknown}
 r - a scroll of poison {unknown}
 v - a scroll of immolation {unknown}
 y - a scroll of noise {unknown}
Potions
 b - a potion of heal wounds {unknown}
 c - 2 potions of enlightenment {unknown}
 d - 2 potions of might
 i - 6 potions of haste {unknown}
 k - a potion of resistance {unknown}
 n - a potion of cancellation {unknown}
 o - 2 potions of mutation {unknown}
 p - a potion of curing {unknown}
 q - a potion of ambrosia {unknown}
 u - a potion of experience {unknown}
 x - 2 potions of brilliance {unknown}


   Skills:
 + Level 4.3 Fighting
 + Level 5.0 Maces & Flails
 + Level 5.2 Armour
 + Level 0.3 Dodging
 + Level 0.2 Stealth
 + Level 4.5 Shields


You had 6 spell levels left.
You didn't know any spells.
Your spell library was empty.

Dungeon Overview and Level Annotations

Branches:
Dungeon (5/15)
 Temple: D:4-7

Altars:
Ashenzari
Ru
Xom


Innate Abilities, Weirdness & Mutations

You are immune to sickness and miasma.
Your stone body is resilient. (AC +4)
You are immune to poison.
You resist negative energy. (rN+)
You are resistant to electric shocks. (rElec)
You are resistant to unholy torment.
You are immune to petrification.


Message History

The vampire bat bites you but does no damage.
You block the fire bat's attack.
A wyvern comes into view.
A wind drake comes into view.
The vampire bat bites you.
The wyvern hisses angrily.
You hit the vampire bat but do no damage.
You block the vampire bat's attack.
The vampire bat bites you but does no damage.
The vampire bat barely misses you.
The fire bat bites you but does no damage.
You block the vampire bat's attack. The fire bat bites you.
You are engulfed in flames.
* * * LOW HITPOINT WARNING * * *
The fire bat bites you but does no damage.
The vampire bat bites you but does no damage.
You block the vampire bat's attack.
A bat comes into view.
The vampire bat bites you but does no damage. x2
You block the vampire bat's attack.
The vampire bat attacks as it pursues you!
The vampire bat bites you.
* * * LOW HITPOINT WARNING * * *
The vampire bat bites you but does no damage.
The vampire bat attacks as it pursues you!
The vampire bat bites you but does no damage. x2
You block the vampire bat's attack.
The vampire bat attacks as it pursues you!
The vampire bat bites you but does no damage.
You block the vampire bat's attack.
The vampire bat bites you but does no damage.
You block the harpy's attack. The harpy claws you!
* * * LOW HITPOINT WARNING * * *
The vampire bat attacks as it pursues you!
You block the vampire bat's attack. x2
You block the vampire bat's attack. Something hits you but does no damage.
Deactivating autopickup; reactivate with Ctrl-A.
Something hits you but does no damage. Something hits you!
You die...

### # # .
###.#
##.###@..#
#.b.#..##.....
#.#bb##..# ##.
#H##....#
#..#####....
##.b.## ..#.
#### #....#
#.# # ##
#.#.#.##.#.#
.. ##.###.#.##
## ..


You could see a harpy, a fire bat and a vampire bat.

Vanquished Creatures
  A sky beast (D:4)
  Blork the orc (D:4)
  A bullfrog (D:4)
  A jelly (D:4)
  2 orc priests (D:3)
  An orc wizard (D:3)
  3 gnolls (D:4)
  An adder (D:2)
  A worm (D:3)
  4 dart slugs
  12 orcs
  5 ball pythons
  11 endoplasms
  4 giant cockroaches
  6 goblins
  7 hobgoblins
  4 jackals
  9 kobolds
  4 quokkas
  4 bats
  5 frilled lizards
  7 rats
94 creatures vanquished.

Vanquished Creatures (others)
  A starspawn tentacle (Abyss:1)
1 creature vanquished.

Grand Total: 95 creatures vanquished

Notes
Turn   | Place    | Note
-------+----------+-------------------------------------------
     0 | D:1      | AdnanSaban the Gargoyle Fighter began the quest for the
                  | Orb.
     0 | D:1      | Reached XP level 1. HP: 14/14 MP: 1/1
   177 | D:1      | Reached XP level 2. HP: 19/19 MP: 2/2
  1032 | D:2      | Reached XP level 3. HP: 23/23 MP: 3/3
  1275 | D:2      | Identified the +12 hand axe of Conscience {vamp, rElec
                  | Str+8 Int-4}
  1942 | D:3      | Reached XP level 4. HP: 27/29 MP: 4/4
  2007 | D:3      | Reached XP level 5. HP: 33/33 MP: 5/5
  2072 | D:3      | Identified the +0 robe of the Heavens {rC+ MP+9 Dex+3}
  2093 | D:3      | Found a broken altar of Ashenzari.
  2094 | D:3      | Found a sacrificial altar of Ru.
  2623 | D:4      | HP: 1/33 [bullfrog (2)]
  2626 | D:4      | Reached XP level 6. HP: 2/38 MP: 6/6
  3058 | D:4      | Noticed a sky beast
  3072 | D:4      | Killed a sky beast
  3073 | D:4      | Reached skill level 5 in Armour
  3083 | D:4      | Noticed Blork the orc
  3100 | D:4      | Killed Blork the orc
  3101 | D:4      | Reached XP level 7. HP: 29/44 MP: 7/7
  3201 | D:4      | Found a shimmering altar of Xom.
  3413 | D:5      | Entered Level 5 of the Dungeon
  3415 | D:5      | Reached skill level 5 in Maces & Flails
  3440 | Abyss:1  | Cast into level 1 of the Abyss (orc)
  3471 | Abyss:1  | Noticed a large abomination
  3496 | Abyss:1  | Noticed a glowing orange brain
  3497 | Abyss:1  | Noticed a small abomination
  3498 | Abyss:1  | Noticed an orange demon
  3499 | Abyss:1  | Noticed a large abomination
  3499 | Abyss:1  | Noticed a cacodemon
  3507 | Abyss:1  | Noticed a thrashing horror
  3509 | Abyss:1  | Noticed a chaos spawn
  3512 | Abyss:1  | Noticed a tentacled starspawn
  3519 | Abyss:2  | Noticed a large abomination
  3544 | Abyss:2  | Noticed a fire bat
  3545 | Abyss:2  | Noticed a fire bat
  3546 | Abyss:2  | Noticed a large abomination
  3546 | Abyss:2  | Noticed a wyvern
  3546 | Abyss:2  | Noticed a wyvern
  3546 | Abyss:2  | Noticed a spatial vortex
  3546 | Abyss:2  | Noticed a wind drake
  3546 | Abyss:2  | Noticed a harpy
  3546 | Abyss:2  | Noticed a wyvern
  3546 | Abyss:2  | Noticed a wind drake
  3561 | Abyss:2  | Slain by an unseen horror

Illustrated notes

Levels and vault maps discovered:
D:1:      psy_arrival_conway, layout_loops_corners, minmay_misc_feat_rows
D:2:      layout_basic, serial_park_tiny_1
D:3:      minmay_chambers_of_threes, layout_rooms,
          mainiacjoe_overflow_divided_tiny
D:4:      layout_loops_ring, nicolae_overflow_crystal_walls, uniq_blork_the_orc
D:5:      layout_loops_corners, mainiacjoe_overflow_catwalk,
          kennysheep_vampire_church, temple_green, kennysheep_crisscross,
          uniq_eustachio
Abyss:2:  base: D:2, hangedman_abyss_batty_box, hangedman_abyss_batty_box,
          guppyfry_abyss_exit_imp_island

Skill      XL: |  1  2  3  4  5  6  7 |
---------------+----------------------+-----
Armour         | 4 5 |  5.2
Maces & Flails | 3 4 5 |  5.0
Fighting       | 4 |  4.3
Shields        | 4 |  4.5
Dodging        | |  0.3
Stealth        | |  0.2

Action                     |  1- 3 |  4- 6 |  7- 9 || total
---------------------------+-------+-------+-------++-------
  Melee: Flail             |   125 |   109 |       ||   234
         Whip              |       |    92 |     5 ||    97
 Armour: Scale mail        |    19 |       |       ||    19
         Plate armour      |    87 |   168 |    34 ||   289
  Dodge: Dodged            |    52 |    53 |     3 ||   108
  Block: Buckler           |    21 |       |       ||    21
         Kite shield       |     9 |    88 |    18 ||   115

Table legend: (Time is in decaauts)
 A = Elapsed time spent in this place.
 B = Non-inter-level travel time spent in this place.
 C = Inter-level travel time spent in this place.
 D = Time resting spent in this place.
 E = Time spent auto-exploring this place.
 F = Levels seen in this place.
 G = Mean time per level.
                   A        B        C        D        E       F      G
               +--------+--------+--------+--------+--------+-----+--------+
         Total |   3640 |   3468 |    172 |      0 |   2642 |   7 |  520.0 |
       Dungeon |   3520 |   3348 |    172 |      0 |   2612 |   5 |  704.0 |
         Abyss |    120 |    120 |      0 |      0 |     30 |   2 |   60.0 |
               +--------+--------+--------+--------+--------+-----+--------+

Top non-repeatable levels by time:
     D:2: 969 daAuts
     D:1: 888 daAuts
     D:4: 859 daAuts
     D:3: 776 daAuts
 Abyss:1: 78 daAuts
 Abyss:2: 41 daAuts
     D:5: 26 daAuts
